 Dungeon Crawl Stone Soup version 0.26-a0-597-gb535b0901c (webtiles) character file.

Game seed: 15529538923778538355

48548 THICCCLAPPER the Destroyer (level 14, -7/68 HPs)
             Began as a Gargoyle Conjurer on Aug 27, 2020.
             Was an Elder of Ashenzari.
             Mangled by an orc warlord
             ... wielding a +2 great sword of holy wrath
              (24 damage)
             ... on level 1 of the Orcish Mines.
             The game lasted 01:50:12 (25054 turns).

THICCCLAPPER the Destroyer (Gargoyle Conjurer)     Turns: 25054, Time: 01:50:13

Health: -7/68      AC: 26    Str:  8    XL:     14   Next: 46%
Magic:  5/38       EV: 13    Int: 31    God:    Ashenzari [****..]
Gold:   1082       SH:  7    Dex:  8    Spells: 12/35 levels left

rFire    + + .     SeeInvis +   b - +1 quick blade (flame)
rCold    + + .     Faith    .   g - +3 buckler
rNeg     + . .     Spirit   .   O - +4 troll leather armour (curse)
rPois    ∞         Reflect  .   l - +2 hat
rElec    +         Harm     .   i - scarf {+Inv} (curse)
rCorr    .         Clarity  +   C - +2 pair of gloves (curse)
MR       +....                  Q - +2 pair of boots {Stlth+} (curse)
Stlth    ++++......             Y - amulet of magic regeneration (curse)
HPRegen  0.61/turn              z - ring of Tuq Reudd {rC+ Int+6}
MPRegen  0.51/turn              I - ring of Wery {rF++ rC+ MP+9 Str-2} (curse)

@: flying, very slightly contaminated, invisible
A: big wings, negative energy resistance 1, electricity resistance, unbreathing,
petrification resistance, rot immunity, AC +10
a: Stop Flying, Curse Item, Scrying, Renounce Religion


You were on level 1 of the Orcish Mines.
You worshipped Ashenzari.
Ashenzari was greatly pleased with you.
You visited 4 branches of the dungeon, and saw 20 of its levels.
You also visited: Bailey, Gauntlet and Volcano.

You collected 1862 gold pieces.
You spent 780 gold pieces at shops.

Inventory:

Hand Weapons
 b - a +1 quick blade of flaming (weapon)
Missiles
 e - 8 curare-tipped darts
 f - 15 silver javelins
 h - 2 boomerangs
 m - 24 poisoned darts (quivered)
 n - 12 javelins
 Z - 3 throwing nets
Armour
 g - a +3 buckler (worn)
 i - a cursed scarf of invisibility (worn)
 l - a +2 hat (worn)
 C - a cursed +2 pair of gloves (worn)
 O - a cursed +4 troll leather armour (worn)
 Q - a cursed +2 pair of boots of stealth (worn)
Magical Staves
 a - an uncursed staff of air
 R - an uncursed staff of cold
Jewellery
 y - an uncursed ring of ice
 z - the ring of Tuq Reudd (left hand) {rC+ Int+6}
   (You found it in a Gauntlet)

   [ring of intelligence]

   It affects your intelligence (+6).
   It protects you from cold.
 B - an uncursed ring of fire
 I - the cursed ring of Wery (right hand) {rF++ rC+ MP+9 Str-2}
   (You took it off an orc warrior in a bailey)

   [ring of magical power]

   It affects your strength (-2).
   It greatly protects you from fire.
   It protects you from cold.
   It affects your magic capacity (+9).
   It has a curse placed upon it.
 Y - a cursed amulet of magic regeneration (around neck)
Wands
 c - a wand of digging (7)
 d - a wand of random effects (31)
 L - a wand of iceblast (19)
 T - a wand of polymorph (4)
 W - a wand of disintegration (16)
Scrolls
 k - 4 scrolls of noise {unknown}
 o - 2 scrolls of amnesia {unknown}
 p - a scroll of summoning {unknown}
 s - 6 scrolls of teleportation
 u - a scroll of brand weapon {unknown}
 x - a scroll of blinking {unknown}
 D - 4 scrolls of fog
 M - 2 scrolls of remove curse
Potions
 q - 4 potions of heal wounds
 r - a potion of berserk rage
 t - 3 potions of magic
 w - 3 potions of might
 A - 4 potions of stabbing
 E - a potion of resistance
 G - 5 potions of curing
 H - 6 potions of brilliance
 J - a potion of invisibility
 K - 2 potions of haste
 P - 3 potions of cancellation


   Skills:
 + Level 1.8 Short Blades
 + Level 0.2 Staves
 + Level 1.7 Throwing
 * Level 3.2(5.2) Dodging
 - Level 10.2(12.3) Stealth
 + Level 4.6 Shields
 + Level 11.2 Spellcasting
 - Level 13.1(15.0) Conjurations
 - Level 10.9(13.0) Hexes
 - Level 3.0(5.0) Fire Magic
 + Level 7.9(10.2) Ice Magic
 + Level 3.1(5.1) Air Magic
 * Level 1.9(3.6) Evocations


You had 12 spell levels left.
You knew the following spells:

 Your Spells              Type           Power        Failure   Level
a - Magic Dart            Conj           ####         0%          1
b - Searing Ray           Conj           ######       0%          2
c - Fulminant Prism       Conj/Hex       #######...   1%          4
d - Inner Flame           Hex/Fire       ######..     1%          3
e - Mephitic Cloud        Conj/Pois/Air  ######..     1%          3
f - Freezing Cloud        Conj/Ice/Air   ######....   10%         6
g - Sticky Flame          Conj/Fire      ######..     1%          4

Your spell library contained the following spells:

 Spells                   Type           Power        Failure   Level
 Corona                   Hex            #######      1%          1
 Foxfire                  Conj/Fire      ####         1%          1
 Ensorcelled Hibernation  Hex/Ice        ######       1%          2
 Poisonous Vapours        Pois/Air       ####..       1%          2
 Slow                     Hex            #######.     1%          2
 Confusing Touch          Hex            #######.     1%          3
 Conjure Flame            Conj/Fire      ######..     1%          3
 Dazzling Flash           Conj/Hex       ######       1%          3
 Portal Projectile        Hex/Tloc       ######       1%          3
 Summon Guardian Golem    Hex/Summ       ######..     1%          3
 Tukima's Dance           Hex            #######.     1%          3
 Cause Fear               Hex            #######...   1%          4
 Hailstorm                Conj/Ice       #######.     1%          4
 Iskenderun's Mystic Bla  Conj/Tloc      ######..     1%          4
 Fireball                 Conj/Fire      ######....   1%          5
 Leda's Liquefaction      Hex/Erth       ######....   2%          4
 Beastly Appendage        Tmut           ###...       3%          1
 Pain                     Necr           ###.         3%          1
 Summon Small Mammal      Summ           ###.         3%          1
 Ice Form                 Ice/Tmut       ######..     4%          4
 Summon Ice Beast         Ice/Summ       ######..     4%          4
 Blink                    Tloc           N/A          5%          2
 Call Imp                 Summ           ###.....     5%          2
 Wereblood                Tmut           ###.....     5%          2
 Orb of Destruction       Conj           #######...   8%          7
 Call Canine Familiar     Summ           ###.....     11%         3
 Gell's Gravitas          Tloc           ###.......   11%         3
 Lesser Beckoning         Tloc           ###.......   11%         3
 Spider Form              Tmut/Pois      ###.......   11%         3
 Teleport Other           Tloc           ###.....     11%         3
 Summon Lightning Spire   Summ/Air       ####....     14%         4
 Passage of Golubria      Tloc           N/A          36%         4
 Blade Hands              Tmut           ###.......   71%         5


Dungeon Overview and Level Annotations

Branches:
Dungeon (12/15)            Temple (1/1) D:6            Lair (6/6) D:9
 Shoals (0/4) Lair:3        Snake (0/4) Lair:4          Orc (1/2) D:10
 Bailey (visited)         Volcano (visited)         Gauntlet (visited)
  Slime: Lair:5-6

Altars:
Ashenzari
Cheibriados
Dithmenos
Elyvilon
Fedhas
Gozag
Hepliaklqana
Kikubaaqudgha
Makhleb
Nemelex Xobeh
Okawaru
Qazlal
Ru
Sif Muna
Trog
Uskayaw
Vehumet
Wu Jian
Xom
Yredelemnul
Zin
The Shining One

Shops:
D:4 }[*   D:5 (

Annotations:
D:11 2 transporters, anet's ghost, journeyman GnFi
Lair:5 3 runed translucent doors, Kiguq's ghost, journeyman VSSu


Innate Abilities, Weirdness & Mutations

You are resistant to torment.
Your stone body is resilient. (AC +10)
You are immune to poison.
Your large and strong wings let you fly indefinitely.
You resist negative energy. (rN+)
You are resistant to electric shocks. (rElec)
You can survive without breathing.
You are immune to petrification.
You are immune to rotting.


Message History

The orc warlord barely misses you.
You hit the orc warlord but do no damage.
The orc warlord is severely wounded.
The orc warlord burns!
You hit the orc warlord but do no damage.
The orc warlord is severely wounded.
The orc warlord burns!
The orc warlord stops burning.
The orc warlord hits you with a +2 great sword of holy wrath!
* * * LOW HITPOINT WARNING * * *
You hit the orc warlord but do no damage.
The orc warlord is severely wounded.
You hit the orc warlord but do no damage.
The orc warlord is severely wounded.
You catch the helpless orc warlord completely off-guard!
You hit the orc warlord but do no damage.
The orc warlord is severely wounded.
You barely miss the orc warlord.
The orc warlord is severely wounded.
The orc warlord hits you with a +2 great sword of holy wrath!!
You die...

## ### ### ######
#.###.## ##.###......,
.......# #...#.....>., *
......## ###..#.......$,,
**
.>.....####.$..$@.......,
,*
..#.<...##...o##o.......,
*
##.....####.#)##....#...
, #......###.....##....#
.,,,,*
........#.#.#{#####.#.#,
, *
..#....#...###)#.#.#....
,,
...#.......##))..$o.#...
......$...).{.))).o#...,,
#.........)..).[#...# ,
**


You could see an orc warlord and an orc.

Vanquished Creatures
  Nessos (Lair:6)
  A minotaur (Gauntlet)
  Snorg (Lair:3)
  A fire dragon (Volcano)
  A hell beast (Gauntlet)
  5 hydras
  Fannar (Lair:3)
  A catoblepas (Gauntlet)
  4 two-headed ogres
  A queen ant (Lair:3)
  A fire crab (D:9)
  An unseen horror (D:11)
  The ghost of radzia the Chopper, a novice VSFi of Okawaru (D:7)
  An orc knight (Bailey)
  The ghost of Glokmah the Skirmisher, a novice DsGl of Cheibriados (D:6)
  An orc sorcerer (Orc:1)
  The ghost of hemabe71 the Charlatan, a novice HuAr (D:6)
  4 oklob plants (Lair:4)
  A shining eye (Gauntlet)
  3 salamanders (Volcano)
  4 black mambas
  Joseph (D:10)
  4 gargoyles
  2 kobold demonologists (D:9)
  2 minotaur zombies (Gauntlet)
  8 rime drakes
  6 cane toads
  9 komodo dragons
  3 trolls
  2 hornets (Lair:6)
  Prince Ribbit (D:6)
  11 hippogriffs
  6 blink frogs
  A shadow (D:11)
  8 wyverns
  A redback (Lair:6)
  11 yaks
  3 basilisks
  A wraith (D:7)
  5 steam dragons
  4 fire bats (Volcano)
  2 wargs (Orc:1)
  21 water moccasins
  2 floating eyes (Gauntlet)
  19 orc warriors
  8 porcupines
  5 ice beasts
  3 sky beasts
  A phantom (D:9)
  10 wolves
  8 centaurs
  9 ogres
  A necrophage (D:7)
  A boggart (D:9)
  9 crocodiles
  2 big kobolds (D:11)
  An elf zombie (D:7)
  10 bullfrogs
  A gnoll sergeant (D:6)
  2 scorpions
  A troll zombie (D:7)
  9 killer bees
  6 wights
  An electric eel (Lair:4)
  A howler monkey (D:9)
  A quasit (D:10)
  A bullfrog zombie (D:8)
  7 jellies
  A human skeleton (D:7)
  10 orc priests
  5 hounds
  A human zombie (D:7)
  11 orc wizards
  A bullfrog skeleton (D:11)
  2 centaur skeletons
  Terence (D:3)
  2 iguanas (D:4)
  25 worker ants
  3 hound skeletons
  A mummy (D:7)
  A worker ant zombie (D:11)
  6 gnolls
  13 adders
  2 shadow imps
  5 white imps (D:7)
  An ufetubus (D:5)
  An ooze (D:1)
  An adder zombie (D:5)
  4 worms
  4 dart slugs
  5 leopard geckos
  69 orcs
  3 ball pythons
  11 giant cockroaches
  11 goblins
  7 hobgoblins
  10 jackals
  15 kobolds
  5 quokkas
  5 bats
  7 frilled lizards
  A jackal skeleton (D:4)
  3 orc zombies (D:7)
  9 rats
  A fulminant prism (Gauntlet)
530 creatures vanquished.

Vanquished Creatures (collateral kills)
  A worker ant (Lair:3)
1 creature vanquished.

Vanquished Creatures (others)
  A wyvern (Volcano)
  A steam dragon (Volcano)
  41 fulminant prisms
  50 fungi
  174 plants
  3 toadstools (D:2)
  4 withered plants (D:6)
274 creatures vanquished.

Grand Total: 805 creatures vanquished

Notes
Turn   | Place    | Note
-------+----------+-------------------------------------------
     0 | D:1      | THICCCLAPPER the Gargoyle Conjurer began the quest for the
                  | Orb.
     0 | D:1      | Reached XP level 1. HP: 10/10 MP: 3/3
   249 | D:1      | Reached XP level 2. HP: 2/15 MP: 0/5
   951 | D:1      | Reached XP level 3. HP: 19/19 MP: 7/7
  1014 | D:1      | Reached skill level 5 in Conjurations
  1021 | D:1      | Learned a level 2 spell: Searing Ray
  1636 | D:2      | Reached XP level 4. HP: 19/24 MP: 8/8
  1764 | D:2      | Found a faded altar of an unknown god.
  2196 | D:2      | Found an iron altar of Okawaru.
  2313 | D:3      | Found a snail-covered altar of Cheibriados.
  2432 | D:3      | Reached XP level 5. HP: 12/28 MP: 2/10
  2662 | D:3      | Noticed Terence
  2665 | D:3      | Killed Terence
  2771 | D:3      | Reached skill level 6 in Conjurations
  2863 | D:3      | Found a glowing golden altar of the Shining One.
  2913 | D:3      | Reached XP level 6. HP: 17/32 MP: 4/12
  3312 | D:4      | Found Zanill's Antique Armour Shoppe.
  3778 | D:4      | Found Biffap's Assorted Antiques.
  3964 | D:4      | Found Feipekh's Gadget Shoppe.
  3982 | D:4      | Learned a level 4 spell: Fulminant Prism
  4035 | D:4      | Reached XP level 7. HP: 33/36 MP: 6/13
  4283 | D:5      | Entered Level 5 of the Dungeon
  4286 | D:5      | Reached skill level 1 in Hexes
  4295 | D:5      | Reached skill level 7 in Conjurations
  4463 | D:5      | Found Qaapsud's Antique Weapon Shoppe.
  4527 | D:5      | Got a faintly humming plate armour
  4574 | D:5      | Found a hide-covered altar of Uskayaw.
  4596 | D:5      | Reached skill level 5 in Spellcasting
  4596 | D:5      | Reached XP level 8. HP: 26/41 MP: 8/15
  5067 | D:5      | Found a stormy altar of Qazlal.
  5145 | D:6      | Found a white marble altar of Elyvilon.
  5277 | D:6      | Noticed Prince Ribbit
  5303 | D:6      | Killed Prince Ribbit
  5303 | D:6      | Reached skill level 8 in Conjurations
  5365 | D:6      | Found a staircase to the Ecumenical Temple.
  5425 | D:6      | Reached skill level 5 in Stealth
  5881 | D:6      | Found a runed translucent gate.
  5881 | D:6      | Found a runed translucent gate.
  5882 | D:6      | Found a runed translucent gate.
  5882 | D:6      | Noticed hemabe71's ghost (novice HuAr)
  5882 | D:6      | Noticed Glokmah's ghost (novice DsGl)
  6026 | D:6      | Learned a level 3 spell: Inner Flame
  6124 | D:7      | Found a sparkling altar of Nemelex Xobeh.
  6144 | D:7      | Noticed a hippogriff
  6149 | D:7      | Killed a hippogriff
  6149 | D:7      | Reached XP level 9. HP: 45/45 MP: 9/17
  6364 | D:7      | Reached skill level 9 in Conjurations
  6411 | D:7      | Found a shimmering blue altar of Sif Muna.
  6533 | D:7      | Found a runed translucent gate.
  6533 | D:7      | Found a runed translucent gate.
  6533 | D:7      | Found a runed translucent gate.
  6687 | D:7      | Noticed radzia's ghost (novice VSFi)
  6881 | D:7      | Identified Sif Muna's Collected Works on Unholy Secrets
  7096 | D:7      | Found an ancient bone altar of Kikubaaqudgha.
  7148 | D:7      | Reached skill level 5 in Hexes
  7553 | D:7      | Learned a level 3 spell: Mephitic Cloud
  8436 | D:4      | Bought a glowing troll leather armour for 468 gold pieces
  8560 | Temple   | Entered the Ecumenical Temple
  8731 | Temple   | Became a worshipper of Ashenzari the Shackled
  8873 | D:8      | Identified the +10 plate armour of Yesterday {-Tele rC+
                  | Dex+3} (You found it on level 5 of the Dungeon)
  8935 | D:8      | Reached skill level 1 in Air Magic
  8963 | D:8      | Found a shimmering altar of Xom.
  8963 | D:8      | Found a shimmering altar of Xom.
  8963 | D:8      | Found a shimmering altar of Xom.
  8963 | D:8      | Found a shimmering altar of Xom.
  8963 | D:8      | Found a shimmering altar of Xom.
  8963 | D:8      | Found a shimmering altar of Xom.
  9029 | D:8      | Reached skill level 10 in Conjurations
  9029 | D:8      | Reached XP level 10. HP: 28/50 MP: 16/19
  9577 | D:9      | Found a staircase to the Lair.
  9654 | D:9      | Found a flagged portal.
  9663 | Bailey   | Entered a bailey
 10180 | Bailey   | Noticed an orc knight
 10183 | Bailey   | Identified the ring of Wery {rF++ rC+ MP+9 Str-2}
 10302 | Bailey   | Killed an orc knight
 10531 | D:9      | Reached * piety under Ashenzari
 10635 | D:9      | Noticed a kobold demonologist
 10639 | D:9      | Found a transporter.
 10643 | D:9      | Found a transporter.
 11001 | D:9      | Got the halberd of Eqikhot {flame, rF++ rC+}
 11070 | D:9      | Noticed a kobold demonologist
 11076 | D:9      | Noticed a fire crab
 11416 | D:6      | Killed Glokmah's ghost
 11423 | D:6      | Killed hemabe71's ghost
 11591 | D:7      | Reached skill level 11 in Conjurations
 11595 | D:7      | Killed radzia's ghost
 11595 | D:7      | Reached XP level 11. HP: 50/54 MP: 13/22
 11758 | D:9      | Learned a level 6 spell: Freezing Cloud
 11897 | D:9      | Killed a fire crab
 11897 | D:9      | Reached skill level 1 in Ice Magic
 12033 | D:10     | Entered Level 10 of the Dungeon
 12385 | D:10     | Noticed Joseph
 12391 | D:10     | Killed Joseph
 12517 | D:10     | Identified the +6 halberd of Eqikhot {flame, rF++ rC+} (You
                  | found it on level 9 of the Dungeon)
 12839 | D:10     | Noticed a two-headed ogre
 12847 | D:10     | Killed a two-headed ogre
 13086 | D:10     | Found a staircase to the Orcish Mines.
 13799 | D:11     | Noticed a two-headed ogre
 13806 | D:11     | Killed a two-headed ogre
 13955 | D:11     | Reached XP level 12. HP: 22/59 MP: 18/24
 13962 | D:11     | Learned a level 4 spell: Sticky Flame
 14060 | D:11     | Reached skill level 12 in Conjurations
 14067 | D:11     | Noticed a seven-headed hydra
 14079 | D:11     | Killed a seven-headed hydra
 14676 | D:4      | Bought a dented beryl amulet for 130 gold pieces
 14874 | Lair:1   | Entered Level 1 of the Lair of Beasts
 14989 | Lair:1   | Found a gate leading to a gauntlet.
 15000 | Lair:1   | Reached skill level 1 in Fire Magic
 15064 | Gauntlet | Entered a Gauntlet
 15064 | Gauntlet | Found a transporter.
 15064 | Gauntlet | Found a transporter.
 15068 | Gauntlet | Found a transporter.
 15082 | Gauntlet | Found a transporter.
 15083 | Gauntlet | Identified the ring of Harmony {+Fly rC+ Dex+2}
 15091 | Gauntlet | Noticed a catoblepas
 15093 | Gauntlet | Identified the ring of Tuq Reudd {rC+ Int+6}
 15094 | Gauntlet | Noticed a catoblepas
 15096 | Gauntlet | Found a transporter.
 15099 | Gauntlet | Noticed a hell beast
 15102 | Gauntlet | Found a transporter.
 15102 | Gauntlet | Found a transporter.
 15103 | Gauntlet | Noticed an entropy weaver
 15107 | Gauntlet | Found the +0 pair of fencer's gloves {Riposte Dex+3}
 15126 | Gauntlet | Found a transporter.
 15133 | Gauntlet | Found a transporter.
 15145 | Gauntlet | Found a transporter.
 15158 | Gauntlet | Found a transporter.
 15163 | Gauntlet | Found a transporter.
 15164 | Gauntlet | Identified the ring "Owiownis" {rN+ MP+9}
 15208 | Gauntlet | Found a transporter.
 15228 | Gauntlet | Found a transporter.
 15323 | Gauntlet | Found a transporter.
 15345 | Gauntlet | Found a transporter.
 15499 | Gauntlet | Paralysed by a floating eye for 4 turns
 15507 | Gauntlet | Paralysed by a floating eye for 3 turns
 15511 | Gauntlet | Reached skill level 5 in Ice Magic
 15589 | Gauntlet | Killed a catoblepas
 15708 | Gauntlet | Killed a hell beast
 15811 | Gauntlet | Reached ** piety under Ashenzari
 15815 | Gauntlet | Noticed a minotaur
 15831 | Gauntlet | Killed a minotaur
 15947 | Gauntlet | Identified the Catalogue of Lethal Lightness
 17226 | Lair:2   | Reached *** piety under Ashenzari
 17237 | Lair:2   | Reached skill level 10 in Spellcasting
 17758 | Lair:3   | Noticed Fannar
 17768 | Lair:2   | Reached XP level 13. HP: 40/63 MP: 20/27
 18043 | Lair:3   | Noticed Snorg
 18055 | Lair:3   | Killed Snorg
 18055 | Lair:3   | Reached skill level 1 in Shields
 18173 | Lair:3   | Reached skill level 10 in Hexes
 18357 | Lair:3   | Killed Fannar
 18438 | Lair:3   | HP: 1/63 [cane toad (15)]
 18652 | Lair:3   | Reached skill level 10 in Stealth
 18697 | Lair:3   | Found a staircase to the Shoals.
 19306 | Lair:4   | Identified the amulet "Dunus" {Reflect rElec rN++ Str-2
                  | SH+5 Stlth+}
 19892 | D:4      | Bought a potion of heal wounds for 130 gold pieces
 19892 | D:4      | Bought a scroll of identify for 52 gold pieces
 20559 | D:11     | Identified the +10 dire flail "Serhag" {antimagic, Str+3}
 20559 | D:11     | Identified the +3 great mace "Rirghiur" {protect, Int+4}
 20562 | D:11     | Noticed anet's ghost (journeyman GnFi)
 20563 | D:11     | Found a transporter.
 20567 | D:11     | Found a transporter.
 21275 | Lair:4   | Identified the +1 ring mail "Raistu" {rPois MR- rCorr
                  | Dex+6}
 21764 | Lair:4   | Found a staircase to the Snake Pit.
 22417 | Lair:5   | Found a runed translucent gate.
 22417 | Lair:5   | Found a runed translucent gate.
 22417 | Lair:5   | Found a runed translucent gate.
 22423 | Lair:5   | Reached **** piety under Ashenzari
 22620 | Lair:5   | Found a dark tunnel.
 22627 | Volcano  | Entered a volcano
 22692 | Volcano  | Identified a scroll of acquirement
 22809 | Volcano  | Gained mutation: Your large and strong wings let you fly
                  | indefinitely. [Gargoyle growth]
 22809 | Volcano  | Reached XP level 14. HP: 65/68 MP: 28/28
 23163 | Volcano  | Reached skill level 13 in Conjurations
 23207 | Volcano  | Reached skill level 1 in Short Blades
 23337 | Volcano  | Reached skill level 1 in Evocations
 23649 | Lair:5   | Noticed Kiguq's ghost (journeyman VSSu)
 24084 | Lair:6   | Entered Level 6 of the Lair of Beasts
 24173 | Lair:6   | Noticed Nessos
 24191 | Lair:6   | Killed Nessos
 24191 | Lair:6   | Reached skill level 1 in Throwing
 24217 | Lair:6   | Acquired a cursed +1 pair of boots of stealth
 24788 | Orc:1    | Entered Level 1 of the Orcish Mines
 25019 | Orc:1    | Noticed an orc warlord
 25054 | Orc:1    | Mangled by an orc warlord

Illustrated notes

Levels and vault maps discovered:
D:1:      minmay_arrival_jagged, layout_loops_corners, columned_hall_lemuel
D:2:      layout_loops_ring, kennysheep_okawaru_gauntlet,
          chequers_ecumenical_altar_simple_redux, minmay_gold_behind_fungi
D:3:      layout_loops_ring, overflow_temple_1_default,
          nicolae_tso_carved_into_rock, uniq_terence
D:4:      layout_loops_cross, serial_shops, shop, shop, shop
D:5:      layout_rooms, kennysheep_little_box, kennysheep_mini_moat,
          serial_shops, shop
D:6:      layout_rooms, lemuel_round_altar, minmay_temple_entry_poolview,
          gammafunk_ghost_cemetery, kennysheep_cross_bottleneck,
          uniq_prince_ribbit1
D:7:      layout_loops_corners, led_sif_book, lemuel_crystal_altar,
          gammafunk_ghost_icy, lemuel_mausoleum_altar_kikubaaqudgha
D:8:      layout_loops_ring, xom_shifter_show
D:9:      gammafunk_wand_slinger, layout_irregular_city, dpeg_oklobed_lair,
          enter_bailey_8, kennysheep_just_a_vault
D:10:     layout_roguey, david_orc_4, uniq_joseph
D:11:     layout_layer_cave, gammafunk_ghost_smash, corexii_leaking_fountain
D:12:     layout_irregular_city
Temple:   dpeg_chambers_temple
Lair:1:   layout_roguey, gauntlet_entry_generic,
          grunt_forest_small_clearing_treed, infiniplex_staircase_pool_2
Lair:2:   layout_layer_cave, chequers_serial_rivers_small_b
Lair:3:   layout_big_grid, shoals_dummy_entry, minmay_another_anthill,
          grunt_megastairs_2, uniq_fannar, uniq_snorg
Lair:4:   layout_cave_pods, dummy_snake_entry, minmay_lair_drake_nest,
          minmay_lair_oklob_chamber, infiniplex_staircase_pool
Lair:5:   layout_hall_layers, gammafunk_ghost_icy, nicolae_volcano_entry_hallway
Lair:6:   hangedman_lair_caniforms_friends, layout_cave_pods,
          hangedman_lair_tendril_chambers, slime_altar_1,
          chequers_serial_rivers_large_a, serial_bayou_lagoon_a, uniq_nessos
Orc:1:    layout_caves

Skill      XL: |  1  2  3  4  5  6  7  8  9 10 11 12 13 14 |
---------------+-------------------------------------------+-----
Conjurations   | 5 6 7 8 10 11 12 13 | 13.1
Spellcasting   | 3 4 5 6 7 8 10 11 | 11.2
Stealth        | 3 4 5 6 7 8 9 10 | 10.2
Hexes          | 2 4 5 7 8 9 10 | 10.9
Dodging        | 2 3 |  3.2
Air Magic      | 1 2 3 |  3.1
Ice Magic      | 3 6 7 |  7.9
Fire Magic     | 3 |  3.0
Shields        | 3 4 |  4.6
Short Blades   | 1 |  1.8
Evocations     | 1 |  1.9
Throwing       | 1 |  1.7
Staves         | |  0.2

Action                   |  1- 3 |  4- 6 |  7- 9 | 10-12 | 13-15 || total
-------------------------+-------+-------+-------+-------+-------++-------
Melee: Unarmed           |     9 |       |       |       |       ||     9
       Dagger            |    59 |   145 |    86 |    79 |       ||   369
       Halberd           |       |       |       |   100 |    18 ||   118
       Short sword       |       |       |       |    15 |       ||    15
       Staff             |       |       |       |    10 |    33 ||    43
       Quick blade       |       |       |       |       |   157 ||   157
Throw: Dart              |       |       |     6 |    16 |    17 ||    39
       Stone             |       |       |       |     4 |     9 ||    13
       Boomerang         |       |       |       |     1 |     4 ||     5
       Javelin           |       |       |       |       |     6 ||     6
 Cast: Magic Dart        |    14 |    10 |     9 |    18 |     3 ||    54
       Searing Ray       |     4 |    13 |    58 |   125 |   111 ||   311
       Fulminant Prism   |       |       |     1 |     8 |    33 ||    42
       Mephitic Cloud    |       |       |       |    23 |    42 ||    65
       Sticky Flame      |       |       |       |     7 |    26 ||    33
       Inner Flame       |       |       |       |     2 |       ||     2
       Freezing Cloud    |       |       |       |       |     2 ||     2
Invok: Curse Item        |       |       |     3 |     1 |     1 ||     5
 Abil: Evoke Flight      |       |       |     1 |       |       ||     1
       Evoke Invisibilit |       |       |       |       |     3 ||     3
       Fly               |       |       |       |       |     1 ||     1
Evoke: Wand              |       |       |       |     6 |     3 ||     9
  Use: Scroll            |       |       |    16 |     7 |    12 ||    35
       Potion            |       |       |       |     1 |     3 ||     4
 Stab: Sleeping          |     1 |     5 |    11 |    10 |     2 ||    29
       Distracted        |       |       |       |     2 |     1 ||     3
       Confused          |       |       |       |     3 |    17 ||    20
       Invisible         |       |       |       |       |     2 ||     2
Armor: Robe              |    21 |    42 |    14 |       |       ||    77
       Leather armour    |       |       |    25 |       |       ||    25
       Ring mail         |       |       |    18 |       |       ||    18
       Troll leather arm |       |       |     3 |   275 |   222 ||   500
Dodge: Dodged            |    38 |    98 |    83 |   263 |   259 ||   741
Block: Buckler           |       |       |       |       |    90 ||    90

Table legend: (Time is in decaauts)
 A = Elapsed time spent in this place.
 B = Non-inter-level travel time spent in this place.
 C = Inter-level travel time spent in this place.
 D = Time resting spent in this place.
 E = Time spent auto-exploring this place.
 F = Levels seen in this place.
 G = Mean time per level.
                   A        B        C        D        E       F      G
               +--------+--------+--------+--------+--------+-----+--------+
         Total |  25099 |  22007 |   3092 |   2391 |  14837 |  23 | 1091.3 |
       Dungeon |  15493 |  12907 |   2586 |   1056 |   9529 |  12 | 1291.1 |
        Temple |    218 |    195 |     23 |      0 |    191 |   1 |  218.0 |
          Lair |   6695 |   6213 |    482 |    887 |   4052 |   6 | 1115.8 |
  Orcish Mines |    254 |    254 |      0 |      2 |     64 |   1 |  254.0 |
        Bailey |    813 |    813 |      0 |    176 |    410 |   1 |  813.0 |
       Volcano |    713 |    713 |      0 |     79 |    235 |   1 |  713.0 |
      Gauntlet |    909 |    909 |      0 |    191 |    355 |   1 |  909.0 |
               +--------+--------+--------+--------+--------+-----+--------+

Top non-repeatable levels by time:
     D:7: 2246 daAuts
    D:11: 1870 daAuts
    D:10: 1689 daAuts
     D:9: 1671 daAuts
  Lair:4: 1590 daAuts
  Lair:2: 1550 daAuts
     D:1: 1538 daAuts
     D:4: 1308 daAuts
  Lair:3: 1278 daAuts
     D:6: 1160 daAuts
     D:5: 1142 daAuts
     D:8: 1101 daAuts
  Lair:5: 1011 daAuts
     D:3: 981 daAuts
Gauntlet: 909 daAuts
